 Dungeon Crawl Stone Soup version 0.28-a0-1447-ga5a8893891 (webtiles) character file.

Game seed: 7201483024966085043

55 emnemthenerd the Skirmisher (level 3, 0/34 HPs)
             Began as a Minotaur Berserker on Jan 11, 2022.
             Was a Follower of Trog.
             Slain by a quokka (2 damage)
             ... on level 3 of the Dungeon.
             The game lasted 00:04:16 (953 turns).

emnemthenerd the Skirmisher (Minotaur Berserker)     Turns: 953, Time: 00:04:16

Health: 0/34       AC:  2    Str: 23    XL:     3   Next: 67%
Magic:  2/2        EV: 12    Int:  4    God:    Trog [*.....]
Gold:   60         SH:  0    Dex:  9    Spells: 2/2 levels left

rFire   . . .      SeeInvis .   a - +0 spear
rCold   . . .      Faith    .   (no shield)
rNeg    . . .      Spirit   .   b - +0 animal skin
rPois   .          Reflect  .   (helmet restricted)
rElec   .          Harm     .   (no cloak)
rCorr   .          Rampage  .   (no gloves)
Will    .....                   (no boots)
Stlth   +.........              (no amulet)
HPRegen 0.11/turn               (no ring)
MPRegen 0.08/turn               (no ring)

@: no status effects
A: horns 2, retaliatory headbutt
a: Renounce Religion, Berserk


You were on level 3 of the Dungeon.
You worshipped Trog.
Trog was aware of your devotion.
You visited 1 branch of the dungeon, and saw 4 of its levels.

You collected 60 gold pieces.

Inventory:

Hand Weapons
 a - a +0 spear (weapon)
Armour
 b - a +0 animal skin (worn)
Wands
 c - a wand of polymorph (6)
Potions
 e - a potion of attraction {unknown}
 f - 2 potions of brilliance {unknown}


   Skills:
 + Level 4.6 Fighting
 + Level 4.3 Polearms
 + Level 2.5 Armour
 + Level 2.8 Dodging
 + Level 0.2 Stealth


You had 2 spell levels left.
You didn't know any spells.
Your spell library was empty.

Dungeon Overview and Level Annotations

Branches:
Dungeon (4/15)
 Temple: D:4-7

Altars:


Innate Abilities, Weirdness & Mutations

You have a pair of horns on your head.
You reflexively headbutt those who attack you in melee.


Message History

You climb downwards.
There is a stone staircase leading up here.
You start resting.
You feel yourself speed up.
You start resting.
You recover from your berserk rage.
You start resting.
A wyvern comes into view.
A wyvern is nearby!
A wyvern is nearby!
A wyvern is nearby!
A wyvern is nearby!
A wyvern is nearby!
A wyvern is nearby!
A wyvern is nearby!
A wyvern is nearby!
You can't go down here!
The wyvern hisses angrily.
You climb upwards.
The jackal barely misses you.
The jackal bites you but does no damage.
The frilled lizard closely misses you. The endoplasm freezes you.
You are frozen.
The jackal bites you. x2; The frilled lizard bites you.
There is a stone staircase leading down here.
The endoplasm barely misses you.
The jackal bites you but does no damage.
The jackal bites you. The adder bites you. The frilled lizard bites you.
You climb downwards.
The wyvern barely misses you. The wyvern bites you!
* * * LOW HITPOINT WARNING * * *
There is a stone staircase leading up, spattered with blood here.
The jackal closely misses you. The endoplasm freezes you.
You are frozen.
* * * LOW HITPOINT WARNING * * *
The jackal barely misses you. The adder misses you.
The wyvern barely misses you. The frilled lizard bites you.
* * * LOW HITPOINT WARNING * * *
The jackal bites you but does no damage.
You climb upwards.
The quokka bites you.
You die...

###.....##
........#
#.......#
.##.......###
............
#.......#
#....ll.#
#...r@S.#
#.....hhJ.#
#####.......#
...#........
...^..#######
........#
..... .##
......#


You could see a wyvern, an adder, an endoplasm, a quokka, 2 jackals and a
frilled lizard.

Vanquished Creatures
  Ijyb (D:4)
  2 dart slugs (D:1)
  2 bats (D:1)
  2 endoplasms (D:1)
  2 giant cockroaches (D:1)
  3 goblins (D:1)
  3 hobgoblins (D:1)
  A kobold (D:1)
  2 quokkas (D:1)
  2 ball pythons (D:1)
  3 frilled lizards (D:1)
  A rat (D:1)
24 creatures vanquished.

Notes
Turn   | Place    | Note
-------+----------+-------------------------------------------
     0 | D:1      | emnemthenerd the Minotaur Berserker began the quest for the
                  | Orb.
     0 | D:1      | Reached XP level 1. HP: 19/19 MP: 0/0
   214 | D:1      | Reached XP level 2. HP: 27/27 MP: 1/1
   688 | D:1      | Reached XP level 3. HP: 34/34 MP: 2/2
   890 | D:2      | You fall into a shaft and drop 2 floors!
   893 | D:4      | Noticed Ijyb
   904 | D:4      | Killed Ijyb
   947 | D:4      | Noticed a wyvern
   953 | D:3      | Slain by a quokka

Illustrated notes

Levels and vault maps discovered:
D:1:      lemuel_arrival_muddy, layout_basic, minmay_misc_feat_x
D:2:      minmay_angry_zag, layout_loops_corners,
          ebering_ecumenical_altar_sacrificial
D:3:      layout_rooms, amethyst_killhole
D:4:      layout_layer_cave, hangedman_decor_opposing, st_stairs_1, uniq_ijyb,
          uniq_robin

Skill      XL: |  1  2 |
---------------+-------+-----
Fighting       | 4 |  4.6
Polearms       | 4 |  4.3
Armour         | |  2.5
Dodging        | |  2.8
Stealth        | |  0.2

Action                   || total
-------------------------++-------
Melee: Spear             ||    61
       Headbutt          ||     7
Invok: Berserk           ||     1
  Use: Scroll            ||     2
 Stab: Sleeping          ||     2
Armor: Animal skin       ||    10
Dodge: Dodged            ||    28

Table legend: (Time is in decaauts)
 A = Elapsed time spent in this place.
 B = Non-inter-level travel time spent in this place.
 C = Inter-level travel time spent in this place.
 D = Time resting spent in this place.
 E = Time spent auto-exploring this place.
 F = Levels seen in this place.
 G = Mean time per level.
                   A        B        C        D        E       F      G
               +--------+--------+--------+--------+--------+-----+--------+
         Total |    958 |    935 |     23 |     27 |    761 |   4 |  239.5 |
       Dungeon |    958 |    935 |     23 |     27 |    761 |   4 |  239.5 |
               +--------+--------+--------+--------+--------+-----+--------+

Top non-repeatable levels by time:
     D:1: 876 daAuts
     D:4: 66 daAuts
     D:2: 10 daAuts
     D:3: 5 daAuts
